Selects Heavy Armor Battlegroup
Selects Heavy Armor Battlegroup
Construct Field Infirmary
Selects Engineer Detachments
Construct Section Command Post
Construct Platoon Command Post
6-pounder Anti-tank Gun Team
Selects Crusader AA Medium Tank
6-pounder Anti-tank Gun Team
Selects Light Vehicle Withdraw and Refit
6-pounder Anti-tank Gun Team
6-pounder Anti-tank Gun Team
6-pounder Anti-tank Gun Team
6-pounder Anti-tank Gun Team
Light Vehicle Withdraw and Refit